 Dungeon Crawl Stone Soup version 0.28-a0-750-g7c675f85b1 (webtiles) character file.

Game seed: 12611982280545296059

4 bande the Skirmisher (level 1, -2/14 HPs)
             Began as a Gargoyle Fighter on Oct 29, 2021.
             Slain by a kobold (3 damage)
             ... on level 1 of the Dungeon.
             The game lasted 00:00:12 (61 turns).

bande the Skirmisher (Gargoyle Fighter)               Turns: 61, Time: 00:00:12

Health: -2/14      AC:  9    Str: 19    XL:     1   Next: 70%
Magic:  1/1        EV:  9    Int:  8    God:
Gold:   0          SH:  4    Dex:  9    Spells: 0/0 levels left

rFire   . . .      SeeInvis .   a - +0 war axe
rCold   . . .      Faith    .   c - +0 buckler
rNeg    + . .      Spirit   .   b - +0 scale mail
rPois   ∞          Reflect  .   (no helmet)
rElec   +          Harm     .   (no cloak)
rCorr   .          Rampage  .   (no gloves)
Will    .....                   (no boots)
Stlth   ..........              (no amulet)
HPRegen 0.04/turn               (no ring)
MPRegen 0.07/turn               (no ring)

@: no status effects
A: sickness immunity, AC +2, negative energy resistance 1, electricity
resistance, torment resistance 1, petrification resistance
a: no special abilities


You were on level 1 of the Dungeon.
You visited 1 branch of the dungeon, and saw 1 of its levels.

Inventory:

Hand Weapons
 a - a +0 war axe (weapon)
Armour
 b - a +0 scale mail (worn)
 c - a +0 buckler (worn)
Potions
 d - a potion of might


   Skills:
 + Level 3.4 Fighting
 + Level 1.8 Axes
 + Level 3.4 Armour
 + Level 3.3 Shields


You couldn't memorise any spells.
You didn't know any spells.
Your spell library was empty.

Dungeon Overview and Level Annotations

Branches:
Dungeon (1/15)

Altars:


Innate Abilities, Weirdness & Mutations

You are immune to sickness and miasma.
Your stone body is resilient. (AC +2)
You are immune to poison.
You resist negative energy. (rN+)
You are resistant to electric shocks. (rElec)
You are resistant to unholy torment.
You are immune to petrification.


Message History

A goblin comes into view. It is wielding a +0 club.
There are monsters nearby!
Found a dagger.
Found a stone staircase leading down.
The goblin shouts!
The kobold hits you with a +0 short sword.
The goblin hits you but does no damage.
You closely miss the goblin. You barely miss the kobold.
The kobold closely misses you. The goblin closely misses you.
You miss the goblin. You closely miss the kobold.
The kobold hits you but does no damage. The goblin barely misses you.
The kobold hits you with a +0 short sword.
You barely miss the goblin. You barely miss the kobold.
You block the goblin's attack. The kobold hits you but does no damage.
The goblin barely misses you.
You barely miss the goblin. You barely miss the kobold.
The kobold barely misses you. The goblin closely misses you.
The kobold hits you with a +0 short sword.
You are too injured to fight recklessly!
You are too injured to fight recklessly!
You are too injured to fight recklessly!
You are too injured to fight recklessly!
You are too injured to fight recklessly!
You are too injured to fight recklessly!
You are too injured to fight recklessly!
You are too injured to fight recklessly!
You are too injured to fight recklessly!
You are too injured to fight recklessly!
You hit the goblin.
The goblin is moderately wounded.
You barely miss the kobold. The goblin barely misses you.
The kobold hits you with a +0 short sword.
* * * LOW HITPOINT WARNING * * *
The goblin hits you but does no damage.
You slash the goblin!
You kill the goblin!
You closely miss the kobold.
The kobold hits you but does no damage. x2
The kobold barely misses you.
You hit the kobold but do no damage.
The kobold hits you with a +0 short sword.
You die...

#.# ..#.# #.#.########
#.#.#.......
#.#.#...>...
#########.#.#.......
...........)K.......
............@.......
..................##
............>.........#
......................#
........................
....................)...
......).................
........................
............########..


You could see a kobold.

Vanquished Creatures
  An endoplasm (D:1)
  A goblin (D:1)
  A ball python (D:1)
  A bat (D:1)
  A rat (D:1)
5 creatures vanquished.

Notes
Turn   | Place    | Note
-------+----------+-------------------------------------------
     0 | D:1      | bande the Gargoyle Fighter began the quest for the Orb.
     0 | D:1      | Reached XP level 1. HP: 14/14 MP: 1/1
    61 | D:1      | Slain by a kobold

Illustrated notes

Levels and vault maps discovered:
D:1:      lightli_molten_gateway, layout_basic,
          hellmonk_ecumenical_altar_arch_garden, minmay_misc_feat_x,
          chequers_avenue, minmay_hedge_maze,
          hangedman_abyss_or_decor_lesser_grid, kennysheep_nondescript,
          minivault_11, serial_bayou_pond_c

Action                   || total
-------------------------++-------
Melee: War axe           ||    13
Armor: Scale mail        ||     8
Dodge: Dodged            ||    10
Block: Buckler           ||     1

Table legend: (Time is in decaauts)
 A = Elapsed time spent in this place.
 B = Non-inter-level travel time spent in this place.
 C = Inter-level travel time spent in this place.
 D = Time resting spent in this place.
 E = Time spent auto-exploring this place.
 F = Levels seen in this place.
 G = Mean time per level.
                   A        B        C        D        E       F      G
               +--------+--------+--------+--------+--------+-----+--------+
         Total |     66 |     66 |      0 |      0 |     32 |   1 |   66.0 |
       Dungeon |     66 |     66 |      0 |      0 |     32 |   1 |   66.0 |
               +--------+--------+--------+--------+--------+-----+--------+

Top non-repeatable levels by time:
     D:1: 66 daAuts
